 Dungeon Crawl Stone Soup version 0.30-a0-1112-gfb780f5df6 (webtiles) character file.

Game seed: 2923499577977170026

12119 dracfodder the Geomancer (level 11, -1/64 HPs)
             Began as a Gargoyle Earth Elementalist on Apr 19, 2023.
             Slain by a blink frog (12 damage)
             ... on level 2 of the Lair of Beasts.
             The game lasted 01:04:43 (11831 turns).

dracfodder the Geomancer (GrEE)                    Turns: 11831, Time: 01:04:45

Health: -1/64      AC: 22    Str: 12    XL:     11   Next: 88%
Magic:  21/24      EV: 13    Int: 20    God:
Gold:   496        SH:  0    Dex: 10    Spells: 14/28 levels left

rFire   . . .      SeeInvis +    a - +7 Throatcutter {drain, coup de grace}
rCold   . . .      Faith    .    (no shield)
rNeg    + . .      Spirit   .    z - +5 steam dragon scales
rPois   ∞          Reflect  .    j - +2 helmet
rElec   +          Rampage  .    (no cloak)
rCorr   .                        k - +0 pair of gloves
Will    .....                    (no boots)
Stlth   +++                      v - amulet of magic regeneration
HPRegen 0.30/turn                n - ring of see invisible
MPRegen 0.59/turn                q - ring of wizardry

@: studying Stealth
A: sickness immunity, AC +8, negative energy resistance 1, electricity
resistance, torment resistance 1, petrification resistance
a: no special abilities


You were on level 2 of the Lair of Beasts.
You visited 3 branches of the dungeon, and saw 11 of its levels.
You also visited: Ossuary.

You collected 600 gold pieces.
You spent 104 gold pieces at shops.

Inventory:

Hand Weapons
 a - the +7 Throatcutter (weapon) {drain, coup de grace}
   (You found it on level 5 of the Dungeon)
 b - a +1 sling of flaming
 u - the +7 dagger of Umeid {speed, Will++ Str+3}
   (You found it on level 7 of the Dungeon)

   Str:       It affects your strength (+3).
   Will:      It greatly increases your willpower.
 B - a +0 sling of freezing
Armour
 c - a +1 robe
 j - a +2 helmet (worn)
 k - a +0 pair of gloves (worn)
 z - +5 steam dragon scales (worn)
Jewellery
 n - a ring of see invisible (left hand)
 q - a ring of wizardry (right hand)
 v - an amulet of magic regeneration (around neck)
Wands
 g - a wand of digging (3)
 h - a wand of flame (23)
 l - a wand of charming (6)
Scrolls
 o - 3 scrolls of teleportation
 s - a scroll of identify
 w - 2 scrolls of enchant armour
 y - a scroll of fear
Potions
 d - 2 potions of cancellation
 e - 2 potions of brilliance
 f - 6 potions of curing
 i - 2 potions of flight
 m - a potion of haste
 p - a potion of ambrosia
 r - 4 potions of lignification
 t - 4 potions of might
 x - a potion of berserk rage


   Skills:
 + Level 6.1 Fighting
 + Level 6.6 Ranged Weapons
 + Level 5.4 Dodging
 + Level 4.9 Stealth
 + Level 9.1 Spellcasting
 + Level 6.0 Conjurations
 + Level 0.7 Transmutations
 + Level 11.1 Earth Magic
 + Level 3.1 Evocations


You had 14 spell levels left.
You knew the following spells:

 Your Spells              Type           Power      Damage    Failure   Level
a - Sandblast             Erth           100%       2d20      1%          1
b - Passwall              Tmut/Erth      27%        N/A       1%          2
c - Stone Arrow           Conj/Erth      86%        3d12      1%          3
d - Petrify               Tmut/Erth      33%        N/A       2%          4
e - Flame Wave            Conj/Fire      21%        2d8       9%          4

Your spell library contained the following spells:

 Spells                   Type           Power      Damage    Failure   Level
 Magic Dart               Conj           100%       1d8       1%          1
 Momentum Strike          Conj/Tloc      42%        3d9       1%          2
 Searing Ray              Conj           66%        2d6       1%          2
 Blink                    Tloc           18%        N/A       4%          2
 Lesser Beckoning         Tloc           18%        N/A       4%          2
 Ozocubu's Armour         Ice            9%         N/A       9%          3
 Summon Guardian Golem    Hex/Summ       9%         N/A       9%          3
 Fulminant Prism          Conj/Hex       10%        3d8       9%          4
 Summon Mana Viper        Hex/Summ       9%         N/A       61%         5
 Ozocubu's Refrigeration  Ice            4%         4d8       100%        7


Dungeon Overview and Level Annotations

Branches:
Dungeon (8/15)             Temple (1/1) D:7            Lair (2/5) D:8
Ossuary (visited)
  Swamp: Lair:2-3    Shoals: Lair:2-3     Snake: Lair:2-3    Spider: Lair:2-3

Altars:
Ashenzari
Cheibriados
Dithmenos
Elyvilon
Fedhas
Gozag
Hepliaklqana
Kikubaaqudgha
Makhleb
Nemelex Xobeh
Okawaru
Qazlal
Ru
Sif Muna
Trog
Uskayaw
Vehumet
Wu Jian
Xom
Yredelemnul
Zin
The Shining One

Shops:
D:3 !   D:8 [


Innate Abilities, Weirdness & Mutations

You are immune to sickness and miasma.
Your stone body is resilient. (AC +8)
You are immune to poison.
You resist negative energy. (rN+)
You are resistant to electric shocks. (rElec)
You are resistant to unholy torment.
You are immune to petrification.


Message History

a - the +7 Throatcutter (weapon)
{drain, coup de grace} The blink frog barely misses you.
The skyshark bites you but does no damage.
The skyshark tail-slaps you but does no damage.
The skyshark tail-slaps you.
You barely miss the skyshark.
The skyshark is severely wounded.
The blink frog hits you! The skyshark bites you! The skyshark misses you.
The skyshark barely misses you. The blink frog hits you.
You completely miss the skyshark.
You punch the skyshark, but do no damage.
The skyshark is severely wounded.
The blink frog hits you.
The skyshark bites you but does no damage.
The skyshark closely misses you. The skyshark misses you.
The blink frog hits you but does no damage.
The skyshark bites you.
The skyshark tail-slaps you but does no damage. x2
You hit the skyshark.
The skyshark is severely wounded.
The blink frog hits you!
The blink frog hits you but does no damage.
The skyshark barely misses you. The skyshark tail-slaps you.
The skyshark tail-slaps you but does no damage.
Unknown command.
You slash the skyshark! You drain the skyshark.
The skyshark is almost dead.
The blink frog hits you!
* * * LOW HITPOINT WARNING * * *
The skyshark barely misses you. The skyshark misses you.
The skyshark tail-slaps you but does no damage.
The blink frog hits you but does no damage.
You hit the skyshark.
The skyshark is almost dead.
The blink frog barely misses you.
The skyshark bites you but does no damage.
The skyshark tail-slaps you.
* * * LOW HITPOINT WARNING * * *
The skyshark completely misses you. The blink frog hits you!
You die...

.......
.........########+.
#.......+..........
......... .P.......
#.......##.....$...
#........##P.......
#........#..F......
..........#@l......
#....+#.P########.#
# #....# #...##
...##.#.##
...#.##'.##
(.....†...#
..........##
......>....#


You could see a skyshark (drained) and a blink frog.

Vanquished Creatures
  A two-headed ogre (D:6)
  6 cane toads
  A torpor snail (Lair:1)
  A rime drake (Lair:1)
  7 komodo dragons
  Prince Ribbit (D:5)
  Grinder (D:6)
  2 hornets
  4 blink frogs (Lair:2)
  6 yaks
  3 basilisks
  3 steam dragons
  3 nagas (Lair:2)
  An acid dragon (D:8)
  8 water moccasins
  An ice beast (D:5)
  2 centaurs (D:5)
  A phantom (D:5)
  The ghost of BlasphemerAmon the Grave Robber, an amateur DENe (D:3)
  3 elf zombies (Ossuary)
  6 kobold brigands
  Blork the orc (D:5)
  7 bullfrogs
  3 scorpions (D:5)
  3 howler monkeys (D:6)
  3 centaur zombies (Ossuary)
  6 human zombies (Ossuary)
  3 hounds
  2 gnoll boudas
  4 orc priests
  A jelly (D:5)
  6 iguanas
  2 orc wizards
  4 mummies
  6 gnolls
  9 adders
  2 shadow imps
  An ufetubus (D:6)
  A worm (D:3)
  10 dart slugs
  24 orcs
  5 endoplasms
  A giant cockroach (D:2)
  6 goblins
  11 hobgoblins
  4 jackals (D:1)
  5 quokkas
  8 ball pythons
  7 bats
  5 frilled lizards
  13 kobolds
  6 rats
231 creatures vanquished.

Vanquished Creatures (collateral kills)
  2 yaks (Lair:1)
2 creatures vanquished.

Vanquished Creatures (others)
  8 fungi
  7 plants
15 creatures vanquished.

Grand Total: 248 creatures vanquished

Notes
Turn   | Place    | Note
-------+----------+-------------------------------------------
     0 | D:1      | dracfodder the Gargoyle Earth Elementalist began the quest
                  | for the Orb.
     0 | D:1      | Reached XP level 1. HP: 10/10 MP: 3/3
   128 | D:1      | Reached XP level 2. HP: 15/15 MP: 1/5
   131 | D:1      | Learned a level 2 spell: Passwall
   207 | D:1      | Reached skill level 4 in Earth Magic
   500 | D:1      | Reached XP level 3. HP: 19/19 MP: 1/7
   631 | D:1      | Learned a level 3 spell: Stone Arrow
  2014 | D:2      | Reached XP level 4. HP: 24/24 MP: 0/9
  2327 | D:3      | Reached XP level 5. HP: 28/28 MP: 8/10
  2422 | D:3      | Found a runed translucent gate.
  2422 | D:3      | Found a runed translucent gate.
  2422 | D:3      | Found a runed translucent gate.
  2423 | D:3      | Noticed BlasphemerAmon's ghost (amateur DENe)
  2584 | D:3      | Found Egroth's Distillery.
  2634 | D:3      | Bought a potion of heal wounds for 65 gold pieces
  2634 | D:3      | Bought a potion of curing for 39 gold pieces
  2769 | D:3      | Found an iron altar of Okawaru.
  2883 | D:3      | Found a hide-covered altar of Uskayaw.
  3293 | D:3      | Found a shadowy altar of Dithmenos.
  3557 | D:4      | Found a glowing golden altar of the Shining One.
  3557 | D:4      | Found a hazy altar of Hepliaklqana.
  3565 | D:4      | Found a shimmering altar of Xom.
  3566 | D:4      | Found a snail-covered altar of Cheibriados.
  3568 | D:4      | Found an ornate altar of the Wu Jian Council.
  3569 | D:4      | Found a radiant altar of Vehumet.
  3576 | D:4      | Found a basalt altar of Yredelemnul.
  3577 | D:4      | Found a stormy altar of Qazlal.
  3580 | D:4      | Reached skill level 5 in Earth Magic
  4019 | D:4      | You fall into a shaft and drop 3 floors!
  4042 | D:6      | Noticed a water moccasin
  4066 | D:6      | Killed a water moccasin
  4067 | D:6      | Reached skill level 1 in Conjurations
  4067 | D:6      | Reached XP level 6. HP: 26/32 MP: 7/13
  4133 | D:6      | Reached skill level 5 in Spellcasting
  4227 | D:6      | Found a sand-covered staircase.
  4234 | Ossuary  | Entered an ossuary
  4265 | Ossuary  | Reached skill level 1 in Ranged Weapons
  4265 | Ossuary  | Reached XP level 7. HP: 26/37 MP: 3/14
  4314 | Ossuary  | Reached skill level 6 in Earth Magic
  4598 | Ossuary  | Reached XP level 8. HP: 22/42 MP: 11/15
  4696 | Ossuary  | Reached skill level 5 in Ranged Weapons
  4877 | D:5      | Entered Level 5 of the Dungeon
  4984 | D:5      | Reached skill level 1 in Fighting
  5303 | D:5      | Found the +7 Throatcutter {drain, coup de grace}
  5328 | D:5      | Reached skill level 7 in Earth Magic
  5333 | D:5      | Identified the +0 leather armour of Feth {Rampage rPois}
  5455 | D:5      | Reached XP level 9. HP: 43/48 MP: 18/18
  5526 | D:5      | Noticed Blork the orc
  5534 | D:5      | Killed Blork the orc
  5704 | D:5      | Identified the +2 pair of gloves of Discretion {rPois rF+++
                  | Str-5 Int-4}
  5732 | D:5      | Noticed Prince Ribbit
  5743 | D:5      | Killed Prince Ribbit
  5744 | D:5      | Reached skill level 8 in Earth Magic
  6143 | D:4      | Got the Excursus on the Missiles and Bewitchment
  6713 | D:6      | Noticed a hornet
  6721 | D:6      | Killed a hornet
  7162 | D:6      | Noticed Grinder
  7167 | D:6      | Killed Grinder
  7220 | D:7      | Noticed a two-headed ogre
  7238 | D:6      | Killed a two-headed ogre
  7239 | D:6      | Reached XP level 10. HP: 5/56 MP: 19/21
  7471 | D:6      | Reached skill level 9 in Earth Magic
  8404 | D:7      | Found a staircase to the Ecumenical Temple.
  8604 | D:7      | Identified the +7 dagger of Umeid {speed, Will++ Str+3}
  8707 | Temple   | Entered the Ecumenical Temple
  8911 | D:7      | Learned a level 4 spell: Petrify
  8916 | D:7      | Learned a level 4 spell: Flame Wave
  9062 | D:3      | Killed BlasphemerAmon's ghost
  9235 | D:8      | Found Coacheps's Armour Emporium.
  9385 | D:8      | Found a sacrificial altar of Ru.
  9735 | D:8      | Reached skill level 5 in Fighting
  9735 | D:8      | Reached skill level 1 in Evocations
  9794 | D:8      | Found a staircase to the Lair.
  9816 | D:8      | Reached skill level 10 in Earth Magic
 10142 | Lair:1   | Entered Level 1 of the Lair of Beasts
 10200 | Lair:1   | Reached XP level 11. HP: 50/64 MP: 23/23
 10284 | Lair:1   | Reached skill level 5 in Dodging
 10531 | Lair:1   | Reached skill level 5 in Conjurations
 11495 | Lair:2   | Reached skill level 11 in Earth Magic
 11821 | Lair:2   | Noticed a skyshark
 11831 | Lair:2   | Slain by a blink frog

Illustrated notes

Levels and vault maps discovered:
D:1:      ncdulo_watergridlock, layout_loops_cross, amethyst_killhole
D:2:      layout_basic, minmay_misc_feat_five
D:3:      kennysheep_slugbush, layout_basic, okawaru_ov_weapons_minmay,
          grunt_dithmenos_smoke_and_mirrors, mainiacjoe_overflow_chevrons,
          gammafunk_ghost_split, serial_shops, nicolae_shop_stone,
          grunt_ministairs_3
D:4:      layout_loops_cross, nicolae_overflow_hallway_of_the_gods,
          chequers_serial_rivers_large_b
D:5:      layout_rooms, portal_sewer_entry_d, minmay_misc_feat_nine_boxes,
          dilly_guarded_unrand_throatcut, uniq_prince_ribbit1,
          uniq_blork_the_orc
D:6:      layout_loops_cross, gup_ossuary_entry_pyramid, uniq_grinder
D:7:      layout_rooms, minmay_temple_entry_trees
D:8:      layout_loops_ring, nicolae_ru_awakened_eye, david_lair_shrubbed,
          serial_shops, shop_statue
Temple:   chequers_temple_sunken
Lair:1:   beast_lair_carwin_large_2, layout_cellular_growth
Lair:2:   layout_roguey, minmay_snake_entry_guardpost_small, uniq_gastronok

Skill      XL: |  1  2  3  4  5  6  7  8  9 10 11 |
---------------+----------------------------------+-----
Earth Magic    | 4 5 6 7 8 10 11 | 11.1
Spellcasting   | 3 4 5 6 7 8 9 |  9.1
Conjurations   | 1 2 4 6 |  6.0
Ranged Weapons | 1 4 6 |  6.6
Fighting       | 1 4 5 6 |  6.1
Dodging        | 2 3 4 5 |  5.4
Stealth        | 3 4 |  4.9
Evocations     | 1 3 |  3.1
Transmutations | |  0.7

Action                     |  1- 3 |  4- 6 |  7- 9 | 10-12 || total
---------------------------+-------+-------+-------+-------++-------
  Melee: Club              |     8 |       |       |       ||     8
         Long sword        |       |       |    75 |    89 ||   164
         Punch             |       |       |     1 |     2 ||     3
   Fire: Sling             |       |    32 |   165 |    34 ||   231
   Cast: Sandblast         |    47 |    57 |    49 |       ||   153
         Stone Arrow       |    14 |    15 |    16 |   106 ||   151
         Flame Wave        |       |       |       |     9 ||     9
  Evoke: Wand              |       |       |       |    28 ||    28
    Use: Potion            |       |     1 |     3 |     3 ||     7
         Scroll            |       |     9 |     8 |    12 ||    29
   Stab: Sleeping          |       |       |     3 |     1 ||     4
 Armour: Robe              |    12 |    21 |   113 |    37 ||   183
         Steam dragon scal |       |       |       |    63 ||    63
  Dodge: Dodged            |    26 |    37 |   151 |   116 ||   330

Table legend: (Time is in decaauts)
 A = Elapsed time spent in this place.
 B = Non-inter-level travel time spent in this place.
 C = Inter-level travel time spent in this place.
 D = Time resting spent in this place.
 E = Time spent auto-exploring this place.
 F = Levels seen in this place.
 G = Mean time per level.
                   A        B        C        D        E       F      G
               +--------+--------+--------+--------+--------+-----+--------+
         Total |  12178 |  11602 |    576 |   3166 |   6354 |  12 | 1014.8 |
       Dungeon |   9613 |   9086 |    527 |   2363 |   5287 |   8 | 1201.6 |
        Temple |    244 |    223 |     21 |      0 |    215 |   1 |  244.0 |
          Lair |   1703 |   1675 |     28 |    541 |    816 |   2 |  851.5 |
       Ossuary |    616 |    616 |      0 |    262 |     35 |   1 |  616.0 |
               +--------+--------+--------+--------+--------+-----+--------+

Top non-repeatable levels by time:
     D:6: 2073 daAuts
  Lair:1: 1505 daAuts
     D:3: 1479 daAuts
     D:1: 1384 daAuts
     D:5: 1254 daAuts
     D:4: 1129 daAuts
     D:8: 927 daAuts
     D:2: 833 daAuts
 Ossuary: 616 daAuts
     D:7: 530 daAuts
  Temple: 244 daAuts
  Lair:2: 197 daAuts
